 Dungeon Crawl Stone Soup version 0.28-a0-1235-g7c8fac35f0 (webtiles) character file.

Game seed: 17225571718933448153

20 croobank the Covert (level 2, -4/29 HPs)
             Began as a Gnoll Delver on Dec 24, 2021.
             Killed by nerve-wracking pain
             ... invoked by Menkaure
              (10 damage)
             ... on level 4 of the Dungeon.
             The game lasted 00:04:22 (458 turns).

croobank the Covert (Gnoll Delver)                   Turns: 458, Time: 00:04:23

Health: -4/29      AC:  3    Str: 11    XL:     2   Next: 79%
Magic:  2/2        EV: 13    Int:  9    God:
Gold:   15         SH:  0    Dex: 13    Spells: 2/2 levels left

rFire   . . .      SeeInvis .   a - +0 hand axe
rCold   . . .      Faith    .   (no shield)
rNeg    . . .      Spirit   .   b - +0 leather armour
rPois   .          Reflect  .   (no helmet)
rElec   .          Harm     .   (no cloak)
rCorr   .          Rampage  .   (no gloves)
Will    .....                   (no boots)
Stlth   ++++......              (no amulet)
HPRegen 0.09/turn               (no ring)
MPRegen 0.08/turn               (no ring)

@: hasted, very quick
A: fangs 1, strong nose, distributed training
a: no special abilities


You were on level 4 of the Dungeon.
You visited 1 branch of the dungeon, and saw 2 of its levels.

You collected 15 gold pieces.

Inventory:

Hand Weapons
 a - a +0 hand axe (weapon)
 e - the +2 quarterstaff of Ascent {vorpal, rPois}
   (You found it on level 4 of the Dungeon)

   It inflicts extra damage upon your enemies.
   rPois:     It protects you from poison.
Missiles
 j - 3 arrows
 k - 3 bolts
 l - 2 sling bullets
 n - 19 poisoned darts (quivered)
Armour
 b - a +0 leather armour (worn)
Wands
 g - a wand of digging (3)
 h - a wand of mindburst (9)
Scrolls
 c - a scroll of fog
 d - a scroll of identify
Potions
 m - a potion of curing


   Skills:
 + Level 6.5 Fighting
 + Level 0.5 Short Blades
 + Level 0.5 Long Blades
 + Level 4.5 Axes
 + Level 0.5 Maces & Flails
 + Level 0.5 Polearms
 + Level 0.5 Staves
 + Level 0.5 Slings
 + Level 0.5 Bows
 + Level 0.5 Crossbows
 + Level 0.5 Throwing
 + Level 0.5 Armour
 + Level 4.5 Dodging
 + Level 9.5 Stealth
 + Level 0.5 Shields
 + Level 0.5 Unarmed Combat
 + Level 0.5 Spellcasting
 + Level 0.3 Conjurations
 + Level 0.3 Hexes
 + Level 0.3 Summonings
 + Level 0.3 Necromancy
 + Level 0.3 Translocations
 + Level 0.3 Transmutations
 + Level 0.3 Fire Magic
 + Level 0.3 Ice Magic
 + Level 0.3 Air Magic
 + Level 0.3 Earth Magic
 + Level 0.3 Poison Magic
 + Level 0.6 Invocations
 + Level 0.5 Evocations


You had 2 spell levels left.
You didn't know any spells.
Your spell library was empty.

Dungeon Overview and Level Annotations

Branches:
Dungeon (5/15)
 Temple: D:4-7

Altars:

Shops:
D:4 (

Annotations:
D:4 Menkaure


Innate Abilities, Weirdness & Mutations

You have very sharp teeth.
Your uncanny sense of smell can sniff out nearby items.
Your experience applies equally to all skills.


Message History

Aim: Menkaure (chance to affect: 67%) Menkaure struggles to resist.
Menkaure grins.
Menkaure calls on the powers of darkness!
The dart slug convulses!
Your body is wracked with pain!
Throw: throwing net
Press: ? - help, Q - select action, (/) - cycle Shift-Dir - straight line, f/p - Menkaure
Aim: Menkaure (75% to hit)
You throw a throwing net. The throwing net hits Menkaure.
Menkaure is caught in the net!
Menkaure struggles against the net.
You feel yourself speed up.
Menkaure calls on the powers of darkness!
The dart slug convulses!
Your body is wracked with pain!
Menkaure struggles against the net.
You catch the helpless Menkaure completely off-guard!
You hit Menkaure but do no damage. You bite Menkaure, but do no damage.
You hit Menkaure.
Menkaure is lightly damaged.
Menkaure struggles against the net.
You hit Menkaure.
Menkaure is lightly damaged.
Menkaure sighs, "It doesn't hurt if you pull your brain out of your nose yourself."
Menkaure calls on the powers of darkness!
The dart slug convulses!
Your body is wracked with pain!
* * * LOW HITPOINT WARNING * * *
Menkaure struggles against the net.
You hit Menkaure but do no damage.
Menkaure is lightly damaged.
You catch the helpless Menkaure completely off-guard!
You hit Menkaure. You bite Menkaure, but do no damage.
Menkaure is moderately damaged.
You hit Menkaure.
Menkaure is heavily damaged.
You strike the helpless Menkaure from behind!
You slash Menkaure!
Menkaure is severely damaged.
Menkaure casts a spell at you. Pain shoots through your body!
You die...

# # ########
#.......
###########.###.##
#...............#
#.#########.#####
#.# #.# #@# #.#
#M# #.# #w#
###.###### #.#
#....>.... #.#
#.#.#####. #.#
#.#...# #.#
#.###.# #.# #.#
#.# #.# #.#


You could see Menkaure (caught) and a dart slug.

Vanquished Creatures
  A hound skeleton (D:4)
  A hobgoblin (D:4)
  3 training dummies (D:4)
  2 ball pythons (D:4)
7 creatures vanquished.

Notes
Turn   | Place    | Note
-------+----------+-------------------------------------------
     0 | D:5      | Reached skill level 9 in Stealth
     0 | D:5      | croobank the Gnoll Delver began the quest for the Orb.
     0 | D:5      | Reached XP level 1. HP: 23/23 MP: 1/1
    19 | D:5      | Noticed a hound
   132 | D:4      | Identified the +2 quarterstaff of Ascent {vorpal, rPois}
   163 | D:4      | Noticed a centaur
   163 | D:4      | Noticed a hound
   243 | D:4      | Found Mopheoq's Firing Range.
   254 | D:4      | Reached XP level 2. HP: 29/29 MP: 2/2
   382 | D:4      | Noticed a scorpion
   445 | D:4      | Noticed Menkaure
   458 | D:4      | Killed from afar by Menkaure

Illustrated notes

Levels and vault maps discovered:
D:4:      minmay_clustersquares, layout_loops_ring, nicolae_shop_firing_range,
          uniq_menkaure
D:5:      black_bear_nest_2, layout_basic, lemuel_flamethrower_2,
          uniq_blork_the_orc, uniq_ijyb

Skill      XL: | |
---------------+-+-----
Stealth        | |  9.5
Fighting       | |  6.5
Short Blades   | |  0.5
Long Blades    | |  0.5
Axes           | |  4.5
Maces & Flails | |  0.5
Polearms       | |  0.5
Staves         | |  0.5
Slings         | |  0.5
Bows           | |  0.5
Crossbows      | |  0.5
Throwing       | |  0.5
Armour         | |  0.5
Dodging        | |  4.5
Shields        | |  0.5
Unarmed Combat | |  0.5
Spellcasting   | |  0.5
Conjurations   | |  0.3
Hexes          | |  0.3
Summonings     | |  0.3
Necromancy     | |  0.3
Translocations | |  0.3
Transmutations | |  0.3
Fire Magic     | |  0.3
Ice Magic      | |  0.3
Air Magic      | |  0.3
Earth Magic    | |  0.3
Poison Magic   | |  0.3
Invocations    | |  0.6
Evocations     | |  0.5

Action                   || total
-------------------------++-------
Melee: Hand axe          ||    23
       Bite              ||     4
Throw: Throwing net      ||     1
Evoke: Wand              ||     1
  Use: Scroll            ||     3
       Potion            ||     1
 Stab: Sleeping          ||     2
       Held in net/web   ||     3
Armor: Leather armour    ||     2
Dodge: Dodged            ||     8

Table legend: (Time is in decaauts)
 A = Elapsed time spent in this place.
 B = Non-inter-level travel time spent in this place.
 C = Inter-level travel time spent in this place.
 D = Time resting spent in this place.
 E = Time spent auto-exploring this place.
 F = Levels seen in this place.
 G = Mean time per level.
                   A        B        C        D        E       F      G
               +--------+--------+--------+--------+--------+-----+--------+
         Total |    456 |    456 |      0 |     61 |     77 |   2 |  228.0 |
       Dungeon |    456 |    456 |      0 |     61 |     77 |   2 |  228.0 |
               +--------+--------+--------+--------+--------+-----+--------+

Top non-repeatable levels by time:
     D:4: 396 daAuts
     D:5: 60 daAuts
